 Dungeon Crawl Stone Soup version 0.31-a0-187-gba352fbbf7 (webtiles) character file.

Game seed: 337082586186882611

18288 qw the Markself (level 12, -4/72 HPs)
             Began as a Deep Elf Hunter on June 22, 2023.
             Was an Elder of Okawaru.
             Slain by a yak (8 damage)
             ... on level 2 of the Lair of Beasts.
             The game lasted 00:04:42 (10867 turns).

qw the Markself (Deep Elf Hunter)                  Turns: 10867, Time: 00:04:42

Health: -4/72      AC: 15    Str: 16    XL:     12   Next: 26%
Magic:  20/20      EV: 22    Int: 16    God:    Okawaru [****..]
Gold:   587        SH:  5    Dex: 21    Spells: 11/11 levels left

rFire   . . .        Y - +0 arbalest
rCold   . . .        (shield currently unavailable)
rNeg    . . .        q - +0 ring mail "Yblouf" {Str+4 Dex+3 Slay+3 Stlth-}
rPois   .            (helmet restricted)
rElec   .            o - +0 cloak
rCorr   +            h - +2 pair of gloves
SInv    +            e - +2 pair of boots
Will    +....        b - amulet of reflection
Stlth   ++           l - ring of resist corrosion
HPRegen 0.32/turn    n - ring of see invisible
MPRegen 0.17/turn

%: reflection
@: heroic
A: antennae 1, hooves 1, sense surroundings 1, evolution 2
a: Renounce Religion, Heroism, Finesse


You were on level 2 of the Lair of Beasts.
You worshipped Okawaru.
Okawaru was greatly pleased with you.
You visited 3 branches of the dungeon, and saw 13 of its levels.

You collected 587 gold pieces.


Innate Abilities, Weirdness & Mutations

You have a pair of small antennae on your head.
You have large cloven feet.
You passively map a small area around you.
You have great hidden genetic potential.


   Skills:
 - Level 7.0(12.0) Fighting
 - Level 18.0(23.0) Ranged Weapons
 + Level 3.5(8.5) Armour
 - Level 11.0(16.0) Dodging
 - Level 1.2(6.2) Stealth
 + Level 9.0 Invocations


You had 11 spell levels left.
You didn't know any spells.
Your spell library was empty.

Inventory:

Hand Weapons
 Y - a +0 arbalest (weapon)
Armour
 e - a +2 pair of boots (worn)
 h - a +2 pair of gloves (worn)
 o - a +0 cloak (worn)
 q - the +0 ring mail "Yblouf" (worn) {Str+4 Dex+3 Slay+3 Stlth-}
   (You found it on level 8 of the Dungeon)

   Str:       It affects your strength (+4).
   Dex:       It affects your dexterity (+3).
   Slay:      It affects your accuracy & damage with ranged weapons and melee
   (+3).
   Stlth:     It makes you less stealthy.
Jewellery
 b - an amulet of reflection (around neck)
 d - the ring of Zewkesmi {Str+6 Int+3 Dex+4 Stlth+}
   (You found it on level 2 of the Lair of Beasts)

   [ring of strength]

   Str:       It affects your strength (+6).
   Int:       It affects your intelligence (+3).
   Dex:       It affects your dexterity (+4).
   Stlth:     It makes you more stealthy.
 l - a ring of resist corrosion (left hand)
 n - a ring of see invisible (right hand)
 s - a ring of ice
Wands
 g - a wand of digging (5)
Scrolls
 c - 5 scrolls of identify
Potions
 i - 4 potions of might
 j - 2 potions of cancellation
 k - 2 potions of enlightenment
 m - a potion of haste
 p - a potion of resistance
 r - a potion of mutation

Dungeon Overview and Level Annotations

Branches:
Dungeon (10/15)            Temple (1/1) D:6            Lair (2/5) D:10
  Swamp (0/4) Lair:2       Spider (0/4) Lair:2
    Orc: D:9-12

Altars:
Ashenzari
Cheibriados
Dithmenos
Elyvilon
Fedhas
Gozag
Hepliaklqana
Kikubaaqudgha
Makhleb
Nemelex Xobeh
Okawaru
Qazlal
Ru
Sif Muna
Trog
Uskayaw
Vehumet
Wu Jian
Xom
Yredelemnul
Zin
The Shining One

Annotations:
D:3 1 runed translucent door, Crazy Yiuf
D:8 1 runed translucent door


Message History

The yak completely misses you. You block the yak's attack. The yak gores you!
The yak completely misses you.
You shoot a bolt. The bolt hits the yak.
You kill the yak!
Okawaru accepts your kill.
The yak completely misses you. x2; The yak gores you but does no damage.
You shoot a bolt. The bolt closely misses the cane toad.
You block the cane toad's attack. The yak barely misses you.
The yak misses you. x2
The cane toad barely misses you.
You shoot a bolt. The bolt hits the cane toad.
The cane toad is lightly wounded.
The yak closely misses you. The yak gores you. The yak misses you.
You block the cane toad's attack. The yak gores you but does no damage.
The yak closely misses you. The yak gores you!
10862 ||| DRINKING potion of heal wounds.
You feel much better. You block the cane toad's attack.
The yak gores you but does no damage. The yak completely misses you.
The yak barely misses you.
You shoot a bolt. The bolt hits the cane toad!
The cane toad is heavily wounded.
The cane toad barely misses you. The yak completely misses you.
The yak closely misses you. The yak gores you but does no damage.
The cane toad misses you.
You shoot a bolt. The bolt hits the cane toad.
The cane toad is severely wounded.
The cane toad stings you but does no damage.
The yak misses you. The yak barely misses you. The yak gores you!
You shoot a bolt. The bolt hits the cane toad!
You kill the cane toad!
Okawaru accepts your kill. The yak misses you.
The yak gores you but does no damage. The yak completely misses you.
Your Invocations skill increases to level 9!
You shoot a bolt. The bolt hits the yak!
The yak is moderately wounded.
The yak misses you. The yak closely misses you. The yak gores you!
You shoot a bolt. The bolt hits the yak.
The yak is heavily wounded.
The yak gores you! The yak gores you but does no damage. The yak gores you!
You die...

, 77~~ ¤¤77........... , , ,
7~~¤¤¤¤~¤ 7........... .~~¤¤~~
~7........... , ......#777.¤¤¤
**.##P....#... .P.##.#P..#.77~¤¤¤
7......).....
....(.........77¤777........ ,...
#...^..#.....(............. , ...
#^..........%..YY.........., ,...
##^..^.........Y@.....P.#.,* P##
^##.....Y....#.%#.#.#..##* * #
^^#.....F.Y..$........## #
>^..^..P....#.........######## #
^^...#......###P...##..#..#..####
#...^##..........................
.)^^^^###.##...####....##.#.#.###
..^^##..###,#### ###.#.#######
..###,.## ** #####


You could see 3 yaks.

Vanquished Creatures
  Erolcha (D:9)
  A catoblepas (Lair:1)
  A two-headed ogre (D:10)
  Pikel (D:8)
  A deep elf pyromancer (D:10)
  4 elephants (Lair:1)
  Maggie (D:7)
  4 black mambas
  4 cane toads
  A rime drake (Lair:1)
  An unseen horror (D:10)
  A komodo dragon (Lair:1)
  Prince Ribbit (D:8)
  8 blink frogs
  Sigmund (D:3)
  20 yaks
  A basilisk (Lair:1)
  3 vampire mosquitoes (Lair:2)
  A redback (Lair:2)
  Menkaure (D:7)
  7 water moccasins
  An ice beast (D:8)
  3 orc warriors
  4 wolves (Lair:2)
  3 black bears
  3 centaurs
  2 phantoms
  2 kobold brigands (D:10)
  10 bullfrogs
  2 gnoll sergeants (D:10)
  4 scorpions
  7 wights
  6 killer bees (D:10)
  5 howler monkeys
  9 hounds
  5 orc priests
  2 gnoll boudas (D:7)
  7 iguanas
  Natasha (thrice) (D:3)
  8 orc wizards
  A sleepcap (D:6)
  23 gnolls
  5 adders
  A shadow imp (D:5)
  2 white imps (D:6)
  4 worms
  3 dart slugs
  34 orcs
  5 bats
  6 endoplasms
  5 giant cockroaches
  3 goblins
  7 hobgoblins
  3 quokkas (D:1)
  6 ball pythons
  A frilled lizard (D:3)
  11 kobolds
  A kobold skeleton (D:8)
  5 rats
276 creatures vanquished.

Notes
Turn   | Place    | Note
-------+----------+-------------------------------------------
     0 | D:1      | qw the Deep Elf Hunter began the quest for the Orb.
     0 | D:1      | Reached XP level 1. HP: 12/12 MP: 3/3
     0 | D:1      | 0 ||| qw: Version: 0.3-a-9-g12657ce
     0 | D:1      | 0 ||| qw: Game counter: 2678
     0 | D:1      | 0 ||| qw: Always use a shield: true
     0 | D:1      | 0 ||| qw: God list: Okawaru
     0 | D:1      | 0 ||| qw: Allow faded altars: false
     0 | D:1      | 0 ||| qw: Do Orc after D:15 true
     0 | D:1      | 0 ||| qw: Do second Lair branch before Depths: true
     0 | D:1      | 0 ||| qw: Lair rune preference: random
     0 | D:1      | 0 ||| qw: Plans: Normal
     0 | D:1      | 0 ||| PLANNING D:1-11
    50 | D:1      | Reached XP level 2. HP: 14/16 MP: 4/4
    91 | D:1      | Reached skill level 6 in Ranged Weapons
   377 | D:1      | Found a faded altar of an unknown god.
   473 | D:1      | 473 ||| UPGRADING to +0 ring mail.
   483 | D:1      | 483 ||| DROPPING +0 leather armour.
   484 | D:1      | 484 ||| UPGRADING to +2 pair of boots.
   489 | D:1      | 489 ||| READING scroll labelled RUICWY GAAMOOM.
   490 | D:1      | 490 ||| DROPPING scroll of butterflies.
   574 | D:2      | Reached XP level 3. HP: 19/20 MP: 5/5
   649 | D:2      | Reached skill level 7 in Ranged Weapons
   699 | D:2      | Reached XP level 4. HP: 24/25 MP: 6/6
  1156 | D:2      | 1156 ||| UPGRADING to amulet of reflection.
  1161 | D:2      | 1161 ||| READING scroll labelled QYSHRE ZAIHABOO.
  1206 | D:3      | Reached skill level 8 in Ranged Weapons
  1232 | D:3      | Reached XP level 5. HP: 28/29 MP: 7/7
  1328 | D:3      | Found a bloodstained altar of Trog.
  1374 | D:3      | Reached skill level 9 in Ranged Weapons
  1495 | D:3      | Noticed Natasha
  1503 | D:3      | Killed Natasha
  1596 | D:3      | Found a runed translucent door.
  1597 | D:3      | Noticed Crazy Yiuf
  1692 | D:3      | Noticed Natasha
  1706 | D:3      | Killed Natasha
  1707 | D:3      | Reached XP level 6. HP: 21/35 MP: 8/8
  1713 | D:3      | Noticed Natasha
  1714 | D:3      | 1714 ||| FLEEEEING.
  1715 | D:3      | 1715 ||| FLEEEEING.
  1778 | D:3      | HP: 8/35 [Natasha (6)]
  1779 | D:3      | Killed Natasha
  1960 | D:3      | Noticed Sigmund
  1975 | D:3      | Killed Sigmund
  1976 | D:3      | Reached skill level 10 in Ranged Weapons
  2166 | D:3      | 2166 ||| READING scroll labelled BELAMM BUPLE.
  2292 | D:3      | 2292 ||| READING 2 scrolls labelled POTHOFEPTU.
  2293 | D:3      | 2293 ||| DROPPING scroll of revelation.
  2316 | D:4      | Reached skill level 3 in Dodging
  2316 | D:4      | Reached XP level 7. HP: 40/40 MP: 9/9
  2369 | D:4      | 2369 ||| FLEEEEING.
  2370 | D:4      | 2370 ||| FLEEEEING.
  2373 | D:4      | 2373 ||| STAIRDANCE
  2505 | D:4      | Reached skill level 1 in Armour
  2578 | D:4      | Reached skill level 11 in Ranged Weapons
  2733 | D:4      | 2733 ||| READING scroll of enchant armour.
  2733 | D:4      | 2733 ||| ENCHANTING +0 ring mail.
  2876 | D:4      | 2876 ||| READING 3 scrolls of enchant armour.
  2876 | D:4      | 2876 ||| ENCHANTING +1 ring mail.
  2877 | D:4      | 2877 ||| READING 2 scrolls of enchant armour.
  2877 | D:4      | 2877 ||| ENCHANTING +2 ring mail.
  2878 | D:4      | 2878 ||| READING scroll of enchant armour.
  2878 | D:4      | 2878 ||| ENCHANTING +3 ring mail.
  2924 | D:4      | Reached skill level 12 in Ranged Weapons
  3182 | D:4      | 3182 ||| UPGRADING to +0 pair of gloves.
  3187 | D:4      | 3187 ||| DRINKING 2 fizzy golden potions.
  3227 | D:4      | 3227 ||| DROPPING potion of lignification.
  3284 | D:5      | Entered Level 5 of the Dungeon
  3353 | D:5      | Reached XP level 8. HP: 45/45 MP: 10/10
  3455 | D:5      | Reached skill level 3 in Fighting
  3709 | D:5      | 3709 ||| FLEEEEING.
  3710 | D:5      | 3710 ||| FLEEEEING.
  3711 | D:5      | 3711 ||| FLEEEEING.
  3715 | D:5      | 3715 ||| FLEEEEING.
  3942 | D:5      | 3942 ||| UPGRADING to +0 helmet.
  4092 | D:6      | Reached skill level 13 in Ranged Weapons
  4115 | D:6      | 4115 ||| FLEEEEING.
  4116 | D:6      | 4116 ||| FLEEEEING.
  4117 | D:6      | 4117 ||| FLEEEEING.
  4118 | D:6      | 4118 ||| FLEEEEING.
  4130 | D:6      | 4130 ||| FLEEEEING.
  4176 | D:6      | Reached skill level 14 in Ranged Weapons
  4200 | D:6      | HP: 11/46 [gnoll/+0 whip (7)]
  4333 | D:6      | 4333 ||| SWAPPING to +2 shortbow of flaming.
  4334 | D:6      | 4334 ||| DROPPING +0 shortbow.
  4525 | D:6      | 4525 ||| FLEEEEING.
  4526 | D:6      | 4526 ||| FLEEEEING.
  4527 | D:6      | 4527 ||| FLEEEEING.
  4528 | D:6      | 4528 ||| FLEEEEING.
  4529 | D:6      | 4529 ||| FLEEEEING.
  4542 | D:6      | Reached XP level 9. HP: 47/51 MP: 11/11
  4708 | D:6      | Found a staircase to the Ecumenical Temple.
  4709 | D:6      | 4709 ||| PLANNING TEMPLE
  4709 | D:6      | 4709 ||| READING 3 scrolls labelled ARAICHINWOY.
  4710 | D:6      | 4710 ||| DRINKING 3 purple potions.
  4711 | D:6      | 4711 ||| DRINKING 2 metallic cyan potions.
  4712 | D:6      | 4712 ||| DROPPING 2 scrolls of noise.
  4722 | Temple   | Entered the Ecumenical Temple
  4797 | Temple   | 4797 ||| PLANNING OKAWARU WORSHIP
  4836 | Temple   | 4836 ||| UPGRADING to ring of resist corrosion.
  4859 | Temple   | Became a worshipper of Warmaster Okawaru
  4860 | Temple   | 4860 ||| PLANNING D:1-11
  4955 | D:6      | Found an opulent altar of Gozag.
  5144 | D:6      | 5144 ||| SWAPPING to +0 arbalest.
  5145 | D:6      | 5145 ||| DROPPING +2 shortbow of flaming.
  5146 | D:6      | 5146 ||| DRINKING 2 bubbling brown potions.
  5147 | D:6      | 5147 ||| READING 3 scrolls of identify.
  5147 | D:6      | 5147 ||| IDENTIFYING sapphire potion
  5148 | D:6      | 5148 ||| READING 2 scrolls of identify.
  5148 | D:6      | 5148 ||| IDENTIFYING red potion
  5149 | D:6      | 5149 ||| DROPPING potion of attraction.
  5272 | D:7      | Found an ornate altar of the Wu Jian Council.
  5390 | D:7      | 5390 ||| Stepping ~*~*~tactically~*~*~ (outnumbered).
  5396 | D:7      | Noticed Menkaure
  5398 | D:7      | 5398 ||| Stepping ~*~*~tactically~*~*~ (outnumbered).
  5407 | D:7      | Killed Menkaure
  5627 | D:7      | You fall into a shaft and drop 2 floors!
  5672 | D:9      | Reached skill level 15 in Ranged Weapons
  5855 | D:9      | 5855 ||| READING 3 scrolls of identify.
  5855 | D:9      | 5855 ||| IDENTIFYING blue potion
  5867 | D:8      | Reached * piety under Okawaru
  5893 | D:8      | 5893 ||| INVOKING Heroism.
  5996 | D:7      | 5996 ||| DROPPING +3 ring mail.
  5997 | D:7      | 5997 ||| UPGRADING to +0 cloak.
  6090 | D:8      | Found a radiant altar of Vehumet.
  6090 | D:8      | Noticed Prince Ribbit
  6091 | D:8      | 6091 ||| INVOKING Heroism.
  6101 | D:8      | Killed Prince Ribbit
  6117 | D:8      | Noticed Maggie
  6120 | D:8      | 6120 ||| FLEEEEING.
  6124 | D:8      | 6124 ||| FLEEEEING.
  6125 | D:8      | 6125 ||| FLEEEEING.
  6126 | D:8      | 6126 ||| FLEEEEING.
  6131 | D:8      | 6131 ||| FLEEEEING.
  6132 | D:8      | 6132 ||| FLEEEEING.
  6140 | D:8      | 6140 ||| FLEEEEING.
  6141 | D:8      | 6141 ||| FLEEEEING.
  6141 | D:8      | Found a runed translucent door.
  6142 | D:8      | 6142 ||| FLEEEEING.
  6143 | D:8      | 6143 ||| FLEEEEING.
  6144 | D:8      | 6144 ||| STAIRDANCE
  6179 | D:8      | 6179 ||| STAIRDANCE
  6240 | D:8      | 6240 ||| STAIRDANCE
  6245 | D:7      | 6245 ||| INVOKING Heroism.
  6246 | D:7      | Killed Maggie
  6247 | D:7      | Reached skill level 16 in Ranged Weapons
  6336 | D:8      | 6336 ||| INVOKING Heroism.
  6404 | D:8      | Noticed Pikel
  6405 | D:8      | 6405 ||| INVOKING Heroism.
  6414 | D:8      | Killed Pikel
  6415 | D:8      | Reached skill level 3 in Invocations
  6415 | D:8      | Reached XP level 10. HP: 49/56 MP: 12/14
  6520 | D:8      | Found a basalt altar of Yredelemnul.
  6594 | D:8      | Reached skill level 6 in Dodging
  6610 | D:8      | Identified the +0 ring mail "Yblouf" {Str+4 Dex+3 Slay+3
                  | Stlth-}
  6775 | D:8      | 6775 ||| UPGRADING to +0 ring mail "Yblouf" {Str+4 Dex+3
                  | Slay+3 Stlth-}.
  6785 | D:8      | 6785 ||| DROPPING +4 ring mail.
  6786 | D:8      | 6786 ||| READING scroll labelled JAVEECSOJAL.
  6787 | D:8      | 6787 ||| READING scroll labelled SARUIRUI NIYH.
  6788 | D:8      | 6788 ||| READING 2 scrolls of identify.
  6788 | D:8      | 6788 ||| IDENTIFYING fuming green potion
  7026 | D:9      | 7026 ||| INVOKING Heroism.
  7139 | D:9      | 7139 ||| READING scroll of enchant armour.
  7139 | D:9      | 7139 ||| ENCHANTING +0 pair of gloves.
  7743 | D:9      | Noticed Erolcha
  7744 | D:9      | 7744 ||| INVOKING Heroism.
  7757 | D:9      | Killed Erolcha
  7757 | D:9      | Reached ** piety under Okawaru
  7758 | D:9      | Reached skill level 17 in Ranged Weapons
  7861 | D:10     | Entered Level 10 of the Dungeon
  7901 | D:10     | 7901 ||| READING scroll of enchant armour.
  7901 | D:10     | 7901 ||| ENCHANTING +1 pair of gloves.
  7923 | D:10     | 7923 ||| INVOKING Heroism.
  8018 | D:10     | Reached skill level 18 in Ranged Weapons
  8037 | D:10     | Reached *** piety under Okawaru
  8068 | D:10     | 8068 ||| INVOKING Heroism.
  8159 | D:10     | 8159 ||| Stepping randomly (disturbance).
  8174 | D:10     | 8174 ||| FLEEEEING.
  8175 | D:10     | 8175 ||| FLEEEEING.
  8211 | D:10     | Noticed a two-headed ogre
  8212 | D:10     | 8212 ||| INVOKING Heroism.
  8220 | D:10     | Killed a two-headed ogre
  8221 | D:10     | Reached skill level 3 in Armour
  8221 | D:10     | Reached XP level 11. HP: 31/63 MP: 14/16
  8388 | D:10     | Found a hide-covered altar of Uskayaw.
  8389 | D:10     | 8389 ||| Stepping ~*~*~tactically~*~*~ (outnumbered).
  8391 | D:10     | 8391 ||| Stepping ~*~*~tactically~*~*~ (outnumbered).
  8394 | D:10     | 8394 ||| Stepping ~*~*~tactically~*~*~ (outnumbered).
  8448 | D:10     | 8448 ||| INVOKING Heroism.
  8517 | D:10     | Found a staircase to the Lair.
  8688 | D:10     | Noticed a deep elf pyromancer
  8691 | D:10     | Killed a deep elf pyromancer
  8691 | D:10     | Reached **** piety under Okawaru
  8692 | D:10     | Reached skill level 9 in Dodging
  8824 | D:10     | Found a broken altar of Ashenzari.
  8826 | D:10     | 8826 ||| PLANNING LAIR
  8826 | D:10     | 8826 ||| UPGRADING to ring of see invisible.
  8827 | D:10     | 8827 ||| DRINKING 2 metallic orange potions.
  8827 | D:10     | Gained mutation: You have hidden genetic potential. [potion
                  | of mutation]
  8827 | D:10     | Gained mutation: You have a pair of small antennae on your
                  | head. [potion of mutation]
  8827 | D:10     | Gained mutation: You have large cloven feet. [potion of
                  | mutation]
  8827 | D:10     | Gained mutation: You passively map a small area around you.
                  | [potion of mutation]
  8828 | D:10     | 8828 ||| DROPPING +0 helmet.
  8829 | D:10     | 8829 ||| READING 4 scrolls of identify.
  8829 | D:10     | 8829 ||| IDENTIFYING viscous dark potion
  8852 | Lair:1   | Entered Level 1 of the Lair of Beasts
  8871 | Lair:1   | Noticed a catoblepas
  8872 | Lair:1   | 8872 ||| INVOKING Heroism.
  8875 | Lair:1   | 8875 ||| Stepping ~*~*~tactically~*~*~ (cloud).
  8877 | Lair:1   | Killed a catoblepas
  9069 | Lair:1   | Identified the +1 plate armour of Okawaru's Regard {rC++
                  | SInv}
  9187 | Lair:1   | 9187 ||| INVOKING Heroism.
  9293 | Lair:1   | 9293 ||| INVOKING Heroism.
  9297 | Lair:1   | Reached skill level 6 in Fighting
  9329 | Lair:1   | 9329 ||| INVOKING Heroism.
  9332 | Lair:1   | Reached skill level 6 in Invocations
  9747 | Lair:1   | 9747 ||| INVOKING Heroism.
  9933 | Lair:1   | 9933 ||| READING scroll labelled REIMET MEDDUDGH.
  9963 | Lair:2   | 9963 ||| STAIRDANCE
 10035 | Lair:2   | Found a hole to the Spider Nest.
 10054 | Lair:2   | 10054 ||| INVOKING Heroism.
 10073 | Lair:2   | HP: 16/66 [yak (4)]
 10074 | Lair:2   | 10074 ||| READING scroll of teleportation.
 10075 | Lair:2   | 10075 ||| DRINKING 3 potions of heal wounds.
 10175 | Lair:2   | 10175 ||| INVOKING Heroism.
 10218 | Lair:2   | 10218 ||| INVOKING Heroism.
 10231 | Lair:2   | 10231 ||| FLEEEEING.
 10232 | Lair:2   | 10232 ||| FLEEEEING.
 10233 | Lair:2   | 10233 ||| FLEEEEING.
 10234 | Lair:2   | 10234 ||| STAIRDANCE
 10242 | Lair:1   | Reached XP level 12. HP: 31/72 MP: 19/19
 10371 | Lair:2   | 10371 ||| INVOKING Heroism.
 10507 | Lair:2   | 10507 ||| INVOKING Heroism.
 10635 | Lair:2   | 10635 ||| INVOKING Heroism.
 10636 | Lair:2   | HP: 17/72 [poisoned by a black mamba]
 10637 | Lair:2   | 10637 ||| DRINKING 2 potions of heal wounds.
 10641 | Lair:2   | 10641 ||| DRINKING potion of curing.
 10641 | Lair:2   | 10641 ||| (to cure poison)
 10655 | Lair:2   | Gained mutation: You have great hidden genetic potential.
                  | [hidden potential]
 10836 | Lair:2   | Identified the ring of Zewkesmi {Str+6 Int+3 Dex+4 Stlth+}
 10838 | Lair:2   | Found a staircase to the Swamp.
 10854 | Lair:2   | 10854 ||| INVOKING Heroism.
 10861 | Lair:2   | HP: 11/72 [yak (11)]
 10862 | Lair:2   | 10862 ||| DRINKING potion of heal wounds.
 10866 | Lair:2   | Reached skill level 9 in Invocations
 10866 | Lair:2   | HP: 15/72 [yak (11)]
 10867 | Lair:2   | HP: 4/72 [yak (11)]
 10867 | Lair:2   | Slain by a yak

Levels and vault maps discovered:
D:1:      minmay_arrival_nine_rooms, layout_rooms,
          shapermc_ecumenical_altar_mp_ritualfount
D:2:      layout_loops_ring
D:3:      layout_basic, mainiacjoe_overflow_alcove_1, kennysheep_flooded_box,
          corexii_leaking_fountain, minmay_strange_pillars, uniq_sigmund,
          uniq_natasha, uniq_crazy_yiuf_cottage
D:4:      layout_rooms, st_stairs_7, nicolae_figureground_sparkle
D:5:      layout_basic
D:6:      layout_basic, nicolae_gozag_cash_rules_everything_around_me,
          minmay_temple_entry_large_hall, minmay_fractal_squares_diagonal_5
D:7:      layout_rooms, general_overflow_altar, uniq_menkaure
D:8:      layout_basic, fiery_altar_vehumet, dk_yredelemnul_ordeal,
          serial_glass, glass_columns_a, glass_columns_c, uniq_pikel,
          uniq_maggie, uniq_prince_ribbit1
D:9:      layout_layer_cave, uniq_erolcha
D:10:     hellmonk_crumbling_castle, layout_cave_pools, kennysheep_mini_moat,
          nicolae_uskayaw_dance_studio, kennysheep_generic_room_10
Temple:   nicolae_temple_superstar
Lair:1:   layout_regular_city, grunt_megastairs_4, serial_bayou_shore_b
Lair:2:   layout_chaotic_city, minmay_swamp_entry_swarm, spider_nest_entry_webs,
          grunt_megastairs_1, serial_bayou_shore_b, serial_bayou_shore_b

Skill      XL: |  1  2  3  4  5  6  7  8  9 10 11 12 |
---------------+-------------------------------------+-----
Ranged Weapons | 6 7 8 9 10 12 14 16 18 | 18.0
Fighting       | 2 3 4 5 7 |  7.0
Dodging        | 3 5 8 10 11 | 11.0
Armour         | 1 2 3 |  3.5
Invocations    | 3 4 7 9 |  9.0
Stealth        | |  1.2

Action                     |  1- 3 |  4- 6 |  7- 9 | 10-12 || total
---------------------------+-------+-------+-------+-------++-------
   Fire: Shortbow          |    92 |   153 |   334 |       ||   579
         Arbalest          |       |       |   107 |   411 ||   518
 Invoke: Heroism           |       |       |     5 |    18 ||    23
    Use: Scroll            |     1 |     3 |     8 |     8 ||    20
         Potion            |       |       |     4 |     5 ||     9
 Armour: Leather armour    |     6 |       |       |       ||     6
         Ring mail         |     4 |    25 |    80 |    85 ||   194
  Dodge: Dodged            |    25 |    20 |   103 |   251 ||   399
  Block: Other             |       |     9 |    45 |    67 ||   121
         Reflection        |       |       |     2 |     2 ||     4

Table legend:
 A = Non-vault XP
 B = Vault XP
 C = Vault XP percentage of total XP
 D = Non-vault monster count
 E = Vault monster count
 F = Vault count percentage of total count
                 A         B        C        D         E       F
            +---------+---------+-------+---------+---------+-------
      Total |   21209 |    4917 |  18.8 |     245 |      31 |  11.2
            +---------+---------+-------+---------+---------+-------
        D:1 |      33 |       0 |   0.0 |      18 |       0 |   0.0
        D:2 |     113 |       0 |   0.0 |      19 |       0 |   0.0
        D:3 |     260 |     274 |  51.3 |      23 |       2 |   8.0
        D:4 |     625 |       3 |   0.5 |      23 |       2 |   8.0
        D:5 |     484 |       0 |   0.0 |      17 |       0 |   0.0
        D:6 |     842 |     375 |  30.8 |      21 |       7 |  25.0
        D:7 |     350 |     580 |  62.4 |      10 |       2 |  16.7
        D:8 |     665 |     916 |  57.9 |      19 |       3 |  13.6
        D:9 |    1554 |     861 |  35.7 |      13 |       1 |   7.1
       D:10 |    5025 |     262 |   5.0 |      40 |       7 |  14.9
     Lair:1 |    5137 |     838 |  14.0 |      16 |       2 |  11.1
     Lair:2 |    6121 |     808 |  11.7 |      26 |       5 |  16.1
            +---------+---------+-------+---------+---------+-------
